 Dungeon Crawl Stone Soup version 0.30-a0-862-g1aabd4f9c5 (webtiles) character file.

Game seed: 14535361507050892195

42 Racksonjoss101 the Firebug (level 3, -4/19 HPs)
             Began as a Deep Elf Fire Elementalist on Mar 10, 2023.
             Slain by Jessica
             ... wielding a +2 club
              (7 damage)
             ... on level 2 of the Dungeon.
             The game lasted 00:05:07 (1295 turns).

Racksonjoss101 the Firebug (DEFE)                   Turns: 1295, Time: 00:05:08

Health: -4/19      AC:  2    Str:  5    XL:     3   Next: 35%
Magic:  6/10       EV: 12    Int: 21    God:
Gold:   38         SH:  0    Dex: 15    Spells: 8/9 levels left

rFire   . . .      SeeInvis .    i - +2 dagger (elec)
rCold   . . .      Faith    .    (no shield)
rNeg    . . .      Spirit   .    a - +0 robe
rPois   .          Reflect  .    (no helmet)
rElec   .          Rampage  .    (no cloak)
rCorr   .                        (no gloves)
Will    .....                    (no boots)
Stlth   ++                       (no amulet)
HPRegen 0.23/turn                (no ring)
MPRegen 0.12/turn                (no ring)

@: no status effects
A: no striking features
a: no special abilities


You were on level 2 of the Dungeon.
You visited 1 branch of the dungeon, and saw 2 of its levels.

You collected 38 gold pieces.

Inventory:

Hand Weapons
 g - a +0 club
 i - a +2 dagger of electrocution (weapon)
 m - a +0 hand axe
Missiles
 j - 5 stones
Armour
 a - a +0 robe (worn)
 c - a +0 ring mail
 k - a +0 barding
Magical Staves
 n - a staff of cold
Scrolls
 h - 2 scrolls of magic mapping {unknown}
Potions
 b - a potion of magic
 d - a potion of mutation
 e - a potion of resistance {unknown}
 f - a potion of might {unknown}
 l - a potion of degeneration {unknown}
 o - 2 potions of flight {unknown}


   Skills:
 + Level 2.6 Dodging
 + Level 3.0 Stealth
 + Level 3.6 Spellcasting
 + Level 1.8 Conjurations
 + Level 3.9 Fire Magic


You had 8 spell levels left.
You knew the following spells:

 Your Spells              Type           Power      Damage    Failure   Level
a - Foxfire               Conj/Fire      64%        2x1d7     3%          1

Your spell library contained the following spells:

 Spells                   Type           Power      Damage    Failure   Level
 Scorch                   Fire           40%        2d7       3%          2
 Inner Flame              Hex/Fire       12%        N/A       17%         3
 Kindle Blastsparks       Fire/Tloc/Air  18%        2d11      22%         3
 Flame Wave               Conj/Fire      16%        2d7       36%         4


Dungeon Overview and Level Annotations

Branches:
Dungeon (2/15)

Altars:

Annotations:
D:2 Jessica


Message History

Casting: Foxfire (safe; 3% risk of failure)
Confirm with . or Enter, or press ? or * to list all spells.
You conjure some foxfire!
The foxfire hits the adder but does no damage.
The adder is severely wounded.
The foxfire hits the adder but does no damage.
The adder is severely wounded.
Casting: Foxfire (safe; 3% risk of failure)
Confirm with . or Enter, or press ? or * to list all spells.
You conjure some foxfire!
The adder bites you. The adder bites you.
Casting: Foxfire (safe; 3% risk of failure)
Confirm with . or Enter, or press ? or * to list all spells.
There is not enough space to conjure foxfire!
Casting: Foxfire (safe; 3% risk of failure)
Confirm with . or Enter, or press ? or * to list all spells.
You don't know that spell.
Your foxfire dissipates!
The adder attacks as you move away! The adder bites you.
The adder barely misses you.
There is a stone staircase leading up here.
You hit the adder.
The adder is almost dead.
The adder bites you.
Jessica casts a spell.
Jessica seems to speed up.
You hit the adder. Lightning courses through the adder!
You kill the adder!
Your Stealth skill increases to level 3!
Casting: Foxfire (safe; 3% risk of failure)
Confirm with . or Enter, or press ? or * to list all spells.
You don't know that spell.
Casting: Foxfire (safe; 3% risk of failure)
Confirm with . or Enter, or press ? or * to list all spells.
You conjure some foxfire!
Jessica hits you with a +2 club.
Your foxfire dissipates!
Jessica hits you with a +2 club!
* * * LOW HITPOINT WARNING * * *
Jessica hits you with a +2 club!
You die...

..########
.......@.#
#.######@#
#.# #.# #.#
.@ยง...."..#
.######.###
#.# #.#


You could see Jessica (fast).

Vanquished Creatures
  An adder (D:2)
  A dart slug (D:1)
  A ball python (D:1)
  4 bats (D:1)
  4 endoplasms (D:1)
  A giant cockroach (D:1)
  A goblin (D:1)
  4 hobgoblins (D:1)
  3 jackals (D:1)
  4 frilled lizards
  2 kobolds (D:1)
  3 rats (D:1)
29 creatures vanquished.

Vanquished Creatures (others)
  87 foxfires
87 creatures vanquished.

Grand Total: 116 creatures vanquished

Notes
Turn   | Place    | Note
-------+----------+-------------------------------------------
     0 | D:1      | Racksonjoss101 the Deep Elf Fire Elementalist began the
                  | quest for the Orb.
     0 | D:1      | Reached XP level 1. HP: 10/10 MP: 6/6
   165 | D:1      | Reached XP level 2. HP: 12/15 MP: 0/8
   734 | D:1      | Reached XP level 3. HP: 19/19 MP: 0/10
  1281 | D:2      | Noticed Jessica
  1295 | D:2      | Slain by Jessica

Illustrated notes

Levels and vault maps discovered:
D:1:      scummos_arrival_forest, layout_loops_ring,
          ebering_dispersal_statue_hall, st_stairs_5
D:2:      layout_loops_ring, basic_altar, uniq_crazy_yiuf_cottage, uniq_jessica,
          uniq_natasha

Skill      XL: |  1  2  3 |
---------------+----------+-----
Stealth        | 3 |  3.0
Dodging        | |  2.6
Spellcasting   | |  3.6
Conjurations   | |  1.8
Fire Magic     | |  3.9

Action                     || total
---------------------------++-------
  Melee: Unarmed           ||     8
         Dagger            ||     2
   Cast: Foxfire           ||    69
    Use: Scroll            ||     1
 Armour: Robe              ||     4
  Dodge: Dodged            ||    34

Table legend: (Time is in decaauts)
 A = Elapsed time spent in this place.
 B = Non-inter-level travel time spent in this place.
 C = Inter-level travel time spent in this place.
 D = Time resting spent in this place.
 E = Time spent auto-exploring this place.
 F = Levels seen in this place.
 G = Mean time per level.
                   A        B        C        D        E       F      G
               +--------+--------+--------+--------+--------+-----+--------+
         Total |   1294 |   1223 |     71 |    167 |      0 |   2 |  647.0 |
       Dungeon |   1294 |   1223 |     71 |    167 |      0 |   2 |  647.0 |
               +--------+--------+--------+--------+--------+-----+--------+

Top non-repeatable levels by time:
     D:1: 1276 daAuts
     D:2: 17 daAuts
